Map: Catalyst LE

Players

uThermal

  • Race: Terran Terran
  • Spawn Location: 5:00

Bly - Winner!

  • Race: Zerg Zerg
  • Spawn Location: 11:00

Event: WCS Leipzig 2018

VOD

Have the link to the VOD?

Description

Time

  • Played on: Jan. 26, 2018, 1:20 p.m.
  • Length: 6:42

All games in this series

Show
View Real Time Build Order
Export as new Build Order

uThermal Terran 

Build Orders: Cyclone Opening 

Get SALT Encoding   

  12  0:02  SCV  
  14  0:14  SCV  
  14  0:18  Supply Depot  
  14  0:26  SCV  
  15  0:40  Barracks  
  15  0:43  SCV  
  16  0:55  Barracks  
  16  0:59  SCV  
  17  1:05  Refinery  
  17  1:11  SCV  
  18  1:27  Marine  
  18  1:28  Orbital Command  
  19  1:42  Marine  
  19  1:45  Supply Depot, Marine  
  21  1:53  SCV  
  23  2:06  Factory  
  22  2:09  SCV  
  22  2:14  Refinery  
  23  2:21  Supply Depot  
  23  2:27  Marine x2  
  23  2:29  SCV  
  26  2:35  Supply Depot  
  25  2:44  SCV  
  25  2:51  Cyclone  
  11  4:01  Marine x2  
  9  4:19  Marine x2  
  10  4:37  Marine x2  
  12  4:44  Orbital Command  
  12  5:00  Marine  
  12  5:01  Marine  
Show
View Real Time Build Order
Export as new Build Order

Bly Zerg - Winner!

Build Orders: Hatch First 

Get SALT Encoding   

  12  0:01  Drone  
  13  0:09  Drone  
  14  0:39  Hatchery  
  13  0:51  Spawning Pool  
  13  0:56  Drone  
  13  1:00  Drone  
  14  1:04  Extractor  
  14  1:07  Drone  
  14  1:14  Extractor  
  14  1:15  Drone  
  14  1:23  Overlord  
  14  1:39  Drone, Roach Warren  
  14  1:45  Drone  
  15  1:55  Zergling x2  
  16  2:11  Drone  
  17  2:20  Roach x2  
  21  2:24  Roach  
  23  2:35  Roach  
  25  2:41  Overlord  
  25  2:50  Ravager  
  26  2:53  Ravager  
  26  2:54  Ravager  
  28  3:05  Roach x2  
  34  3:12  Roach  
  32  3:33  Ravager  
  33  4:47  Roach  
  35  5:01  Zergling x2  
  30  6:18  Spine Crawler  
  29  6:20  Spine Crawler  
Tags
 
Add a new tag
Caveats
  • Supply blocks, unpowered buildings, or Contaminate may cause inaccurate times.
  • Supply counts are checked every 10 seconds.